 Dungeon Crawl Stone Soup version 0.32-a0-42-ga30500b (webtiles) character file.

Game seed: 15087521594434576044

1265 Dorkslayer the Ruffian (level 8, 0/54 HPs)
             Began as an Octopode Fighter on Feb 1, 2024.
             Slain by a gnoll sergeant
             ... wielding a +0 trident
              (3 damage)
             ... on level 6 of the Dungeon.
             The game lasted 00:12:55 (4050 turns).

Dorkslayer the Ruffian (Octopode Fighter)           Turns: 4050, Time: 00:12:55

Health: 0/54       AC:  1    Str: 17    XL:     8   Next: 52%
Magic:  8/8        EV: 15    Int: 11    God:
Gold:   75         SH:  7    Dex: 17    Spells: 7/7 levels left

rFire   . . .        m - +7 Throatcutter {drain, coup de grace}
rCold   . . .        q - +2 buckler
rNeg    . . .        (helmet restricted)
rPois   .            p - amulet of the acrobat
rElec   .            d - +6 ring of dexterity
rCorr   .            (no ring)
SInv    .            (no ring)
Will    .....        (no ring)
Stlth   ++++         (no ring)
HPRegen 0.29/turn    (no ring)
MPRegen 0.11/turn    (no ring)
                     (no ring)

%: acrobat
@: about to teleport
A: almost no armour, amphibious, 8 rings, camouflage 1, gelatinous body 1,
(nimble swimmer 1), tentacles
a: no special abilities


You were on level 6 of the Dungeon.
You visited 1 branch of the dungeon, and saw 6 of its levels.

You collected 342 gold pieces.
You spent 267 gold pieces at shops.

Inventory:

Hand Weapons
 m - the +7 Throatcutter (weapon) {drain, coup de grace}
   (You found it on level 5 of the Dungeon)
Missiles
 e - 3 javelins (quivered)
 r - 3 boomerangs
Armour
 a - a +0 buckler
 q - a +2 buckler (worn)
Jewellery
 d - a +6 ring of dexterity (left tentacle)
 p - an amulet of the acrobat (around mantle)
Scrolls
 c - 2 scrolls of noise
 f - 4 scrolls of identify {unknown}
 g - 2 scrolls of teleportation
 h - a scroll of silence {unknown}
 i - 2 scrolls of immolation {unknown}
 l - a scroll of acquirement {unknown}
 n - 3 scrolls of amnesia {unknown}
 o - 2 scrolls of torment {unknown}
 s - a scroll of poison {unknown}
 u - a scroll of vulnerability {unknown}
Potions
 b - a potion of attraction
 k - 2 potions of brilliance {unknown}
 t - 2 potions of heal wounds {unknown}


   Skills:
 + Level 3.8 Fighting
 * Level 3.5 Long Blades
 + Level 4.5 Dodging
 + Level 4.9 Stealth
 + Level 4.2 Shields
 * Level 7.0 Unarmed Combat


You had 7 spell levels left.
You didn't know any spells.
Your spell library contained the following spells:

 Spells                   Type           Power      Damage    Failure   Level
 Foxfire                  Conj/Fire      0%         2x1d4     41%         1
 Freeze                   Ice            0%         1d3       41%         1
 Magic Dart               Conj           0%         1d3       41%         1
 Searing Ray              Conj           0%         2d4       56%         2
 Sublimation of Blood     Necr           0%         N/A       56%         2
 Frozen Ramparts          Ice            0%         1d1       80%         3
 Hailstorm                Conj/Ice       0%         3d5       80%         3
 Ozocubu's Armour         Ice            0%         N/A       80%         3
 Summon Ice Beast         Ice/Summ       0%         N/A       80%         3
 Animate Dead             Necr           0%         N/A       99%         4
 Fulminant Prism          Conj/Alch      0%         3d5       99%         4
 Petrify                  Alch/Erth      0%         N/A       99%         4
 Irradiate                Conj/Alch      0%         3d11      100%        5
 Metabolic Englaciation   Hex/Ice        0%         N/A       100%        5
 Plasma Beam              Fire/Air       0%         2x1d10    100%        6
 Sculpt Simulacrum        Ice/Alch       0%         N/A       100%        6
 Starburst                Conj/Fire      0%         6d3       100%        6
 Haunt                    Necr/Summ      0%         N/A       100%        7
 Infestation              Necr           0%         N/A       100%        8


Dungeon Overview and Level Annotations

Branches:
Dungeon (6/15)
 Temple: D:4-7

Altars:
Elyvilon
Gozag
Ru
Vehumet
Wu Jian
Xom

Shops:
D:4 =   D:5 ==*


Innate Abilities, Weirdness & Mutations

You cannot wear most types of armour.
You are amphibious.
You can wear up to eight rings at the same time.
Your skin changes colour to match your surroundings (Stealth+).
Your rubbery body absorbs attacks. (AC +1, EV +1)
((You are camouflaged when in or above water. (Stealth+)))
You have tentacles for arms and can constrict up to eight enemies at once.


Message History

There is an open door here.
Throw: 4 javelins
Press: ? - help, Q - select action, (/) - cycle Shift-Dir - straight line, f/p - gnoll
Aim: a gnoll, wielding a +0 flail (heavily wounded, 61% to hit)
You throw a javelin.
The javelin pierces through the iguana but does no damage.
The javelin pierces through the gnoll sergeant.
The gnoll sergeant is moderately wounded.
The javelin barely misses the gnoll.
The javelin pierces through the gnoll!
You kill the gnoll!
The iguana closely misses you.
The gnoll sergeant hits you from afar with a +0 trident!
The iguana bites you!
* * * LOW HITPOINT WARNING * * *
You block the gnoll sergeant's attack. The iguana attacks as it pursues you!
The iguana completely misses you. The iguana attacks as it pursues you!
The iguana completely misses you.
You closely miss the iguana. You grab the iguana. You constrict the iguana.
The iguana closely misses you.
You hit the iguana. You drain the iguana.
You squeeze the iguana, but do no damage.
The iguana is severely wounded.
You constrict the iguana. You block the iguana's attack.
You release your grip on the iguana.
You hit the iguana.
You kill the iguana!
The gnoll sergeant hits you from afar with a +0 trident!
* * * LOW HITPOINT WARNING * * *
You feel better.
The gnoll sergeant hits you from afar with a +0 trident!
* * * LOW HITPOINT WARNING * * *
As you read the scroll labelled REQEOBAENIS, it crumbles to dust.
You hear a loud clanging noise!
It was a scroll of noise.
You hear a chilling moan. x2; You hear an angry hiss.
You block the gnoll sergeant's attack.
As you read the scroll labelled SIDWOTOLORA, it crumbles to dust.
You feel strangely unstable.
It was a scroll of teleportation.
The gnoll sergeant hits you from afar with a +0 trident.
You die...

#...........##..# . #
#..############.## (.###.
#... #..# ..)#. #.#. ##.%.
#...#####.#..# #..#.
.gg...........#######.##.
#gg....#####............
##.#####...#####....####
#.gggg.@._.....+.#### #
#..#####...#####.##### #
#......#####.........###
#....##.........##.........
...####......######...##..##
#.# ###...## ###.###.## .
#.._..#######..# #...
#..(..#.......## ##..
############### ##.


You could see a gnoll sergeant and 3 gnolls.

Vanquished Creatures
  A steam dragon (D:5)
  The ghost of Dorkslayer the Insei, an amateur OpSh (D:3)
  A water moccasin (D:6)
  A black bear (D:5)
  Pargi (D:4)
  A phantom (D:4)
  4 jellies
  2 bombardier beetles (D:5)
  4 quasits (D:3)
  An orc priest (D:5)
  4 iguanas
  A sleepcap (D:6)
  A gnoll (D:6)
  5 adders
  2 ufetubi (D:5)
  2 dart slugs
  A ribbon worm (D:3)
  8 orcs
  10 endoplasms
  3 giant cockroaches
  8 goblins
  11 hobgoblins
  4 jackals (D:5)
  4 kobolds
  2 quokkas
  12 ball pythons
  2 bats
  6 frilled lizards
  6 rats
109 creatures vanquished.

Notes
Turn   | Place    | Note
-------+----------+-------------------------------------------
     0 | D:1      | Dorkslayer the Octopode Fighter began the quest for the
                  | Orb.
     0 | D:1      | Reached XP level 1. HP: 16/16 MP: 1/1
    39 | D:1      | Reached XP level 2. HP: 11/21 MP: 2/2
   190 | D:1      | Found a faded altar of an unknown god.
   333 | D:1      | Reached XP level 3. HP: 26/26 MP: 3/3
   969 | D:2      | Reached skill level 3 in Unarmed Combat
   969 | D:2      | Reached XP level 4. HP: 31/31 MP: 4/4
  1036 | D:2      | Reached skill level 1 in Stealth
  1792 | D:3      | Found a white marble altar of Elyvilon.
  1815 | D:3      | Found a shimmering altar of Xom.
  1900 | D:3      | Found a transporter.
  1903 | D:3      | Noticed Dorkslayer's ghost (amateur OpSh)
  1911 | D:3      | Found a transporter.
  2079 | D:3      | Reached XP level 5. HP: 36/36 MP: 5/5
  2085 | D:3      | Reached skill level 4 in Unarmed Combat
  2107 | D:3      | Killed Dorkslayer's ghost
  2108 | D:3      | Reached skill level 5 in Unarmed Combat
  2108 | D:3      | Reached XP level 6. HP: 13/42 MP: 6/6
  2321 | D:4      | Noticed Pargi
  2330 | D:4      | Killed Pargi
  2342 | D:4      | Reached XP level 7. HP: 45/46 MP: 7/7
  2438 | D:4      | Found a sacrificial altar of Ru.
  3066 | D:4      | Found Vynestrad's Jewellery Shop.
  3166 | D:5      | Entered Level 5 of the Dungeon
  3166 | D:5      | Found the +7 Throatcutter {drain, coup de grace}
  3166 | D:5      | Found Piet Die's Assorted Antiques.
  3182 | D:5      | Reached skill level 6 in Unarmed Combat
  3202 | D:5      | Bought a blackened cameo amulet for 150 gold pieces
  3202 | D:5      | Bought a brown potion for 27 gold pieces
  3202 | D:5      | Bought a scroll labelled FEUSYRISUT for 30 gold pieces
  3202 | D:5      | Bought 2 scrolls labelled MIADOUK COJEA for 60 gold pieces
  3211 | D:5      | Found Awnom's Jewellery Shop.
  3269 | D:5      | Noticed a steam dragon
  3280 | D:5      | Killed a steam dragon
  3281 | D:5      | Reached skill level 1 in Long Blades
  3468 | D:5      | Reached XP level 8. HP: 42/54 MP: 8/8
  3590 | D:5      | Found Zaqioseipp's Jewellery Emporium.
  3747 | D:5      | Found an opulent altar of Gozag.
  3910 | D:6      | Reached skill level 7 in Unarmed Combat
  4007 | D:6      | Found an ornate altar of the Wu Jian Council.
  4021 | D:6      | Found a radiant altar of Vehumet.
  4050 | D:6      | Slain by a gnoll sergeant

Illustrated notes

Levels and vault maps discovered:
D:1:      dpeg_arrival_pits, layout_rooms,
          hellmonk_ecumenical_altar_inner_sanctum, minmay_quantized
D:2:      cheibrodos_helix_gallery, layout_basic, serial_aquarium,
          aquarium_bridge_island_small [aquarium_subvault_small_water,
          aquarium_subvault_wall, aquarium_subvault_balcony,
          aquarium_subvault_bridge, aquarium_subvault_window],
          aquarium_window_1, aquarium_window_2, aquarium_view_2c,
          aquarium_balcony_1b
D:3:      layout_basic, nicolae_overflow_crystal_walls,
          mainiacjoe_overflow_boulevard, gammafunk_ghost_stat_death
D:4:      layout_loops_corners, mainiacjoe_overflow_chevrons, serial_shops,
          nicolae_shop_back_alley_shop, uniq_pargi
D:5:      layout_rooms, grunt_gozag_breadcrumbs, serial_shops, shop_statue,
          shop, shop
D:6:      cheibrodos_quashed, layout_rooms, mainiacjoe_overflow_alcove_1,
          mainiacjoe_overflow_surrounded_room, lemuel_blue_sif_altar,
          minivault_22

Skill      XL: |  1  2  3  4  5  6  7  8 |
---------------+-------------------------+-----
Unarmed Combat | 3 5 6 7 |  7.0
Stealth        | 1 2 3 4 |  4.9
Dodging        | 4 |  4.5
Shields        | 4 |  4.2
Long Blades    | 1 3 |  3.5
Fighting       | |  3.8

Action                     |  1- 3 |  4- 6 |  7- 9 || total
---------------------------+-------+-------+-------++-------
  Melee: Unarmed           |    90 |    68 |    34 ||   192
         Constrict         |    23 |    10 |    15 ||    48
         Tentacles         |    15 |    12 |    18 ||    45
         Punch             |     1 |     2 |     4 ||     7
         Long sword        |       |       |    41 ||    41
  Throw: Javelin           |       |     1 |     4 ||     5
    Use: Potion            |       |     8 |     3 ||    11
         Scroll            |       |       |     2 ||     2
   Stab: Sleeping          |     6 |     2 |     8 ||    16
         Invisible         |       |     1 |       ||     1
         Distracted        |       |       |     1 ||     1
 Armour: Skin              |    28 |    30 |    27 ||    85
  Dodge: Dodged            |    40 |    63 |    48 ||   151
  Block: Buckler           |    17 |    23 |    15 ||    55

Table legend: (Time is in decaauts)
 A = Elapsed time spent in this place.
 B = Non-inter-level travel time spent in this place.
 C = Inter-level travel time spent in this place.
 D = Time resting spent in this place.
 E = Time spent auto-exploring this place.
 F = Levels seen in this place.
 G = Mean time per level.
                   A        B        C        D        E       F      G
               +--------+--------+--------+--------+--------+-----+--------+
         Total |   4059 |   4059 |      0 |     94 |   1863 |   6 |  676.5 |
       Dungeon |   4059 |   4059 |      0 |     94 |   1863 |   6 |  676.5 |
               +--------+--------+--------+--------+--------+-----+--------+

Top non-repeatable levels by time:
     D:4: 946 daAuts
     D:3: 916 daAuts
     D:2: 736 daAuts
     D:5: 646 daAuts
     D:1: 560 daAuts
     D:6: 252 daAuts
